Unix NetHack Version 5.0.0-0 post-release - last build May 10 2026 23:12:36 (d1fa5d53e341ca933230fdaa984d921c805b60aa,branch:main).

Game began 2026-05-11 04:57:38, ended 2026-05-11 05:40:26.

7spoons, lawful female human Valkyrie

                  --------                                 |
                  |.......###########               .......|
                  |......|         ##                      |
                  |.....<+    #######
                  -----.--    # #
                                #
                                #
                                #
                                #
                                #
                                #
                                #
                                #
                                #
             -----------  #######             h#
             |..........%#####################@
             |.........|
             -----------

7spoons the Skirmisher      St:15 Dx:10 Co:18 In:8 Wi:9 Ch:8  Lawful
Dlvl:8  $:129 HP:0(35) Pw:8(8) AC:2  Xp:3 T:3501 

Latest messages:
 You are caught by a spider web!
 #
 In what direction?
 You cannot deal with the web while trapped in it!
 You disentangle yourself.
 You stop.  Your large dog doesn't want to swap places.
 #
 In what direction?
 Whoops...
 You are caught by a spider web!
 You disentangle yourself.
 #
 In what direction?
 You succeed in removing the web.
 You swap places with your large dog.
 You descend the stairs.
 You see here a scroll labeled ZELGO MER.
 I - a scroll labeled ZELGO MER.
 You hear some noises.
 The large dog misses the gnome mummy.
 The gnome mummy hits!
 The giant spider bites!
 The giant spider bites!
 It bites the gnome mummy.
 The gnome mummy hits it.
 The gnome mummy hits!
 You hear some noises in the distance.
 You hear some noises.
 You hit the gnome mummy!
 The gnome mummy hits!
 You destroy the gnome mummy!
 You hear some noises in the distance.
 You hear some noises.
 The large dog bites it.
 You see here a giant spider corpse.
 There is a giant spider corpse here; eat it? [ynq] (n)
 Ecch - that must have been poisonous!
 You finish eating the giant spider corpse.
 You feel healthy.
 You swap places with your large dog.
 The bugbear thrusts his orcish dagger.
 The bugbear hits!
 The bugbear thrusts his orcish dagger.
 The bugbear hits!
 You die...
 Do you want your possessions identified? [ynq] (y)
 Do you want to see your attributes? [ynq] (y)
 Do you want an account of creatures vanquished? [ynaq] (y)
 Do you want to see your conduct and achievements? [ynq] (y)
 Do you want to see the dungeon overview? [ynq] (y)

Inventory:
 Coins    ('$')
  $ - 129 gold pieces
 Weapons  (')')
  b - a +0 dagger (at the ready)
  a - a blessed very rusty +1 spear (weapon in right hand)
 Armor    ('[')
  D - an uncursed +0 dwarvish iron helm (being worn)
  E - an uncursed +0 pair of iron shoes (being worn)
  c - a blessed +3 small shield (being worn)
  G - an uncursed +0 dwarvish cloak (being worn)
 Comestibles  ('%')
  d - 2 uncursed food rations
  t - an uncursed tin of stir fried gnome meat
 Scrolls  ('?')
  x - an uncursed scroll of enchant armor
  I - an uncursed scroll of enchant weapon
  v - an uncursed scroll of food detection
  h - an uncursed scroll of gold detection
  f - an uncursed scroll of magic mapping
  z - an uncursed scroll of scare monster
 Potions  ('!')
  e - an uncursed potion of hallucination
  u - a blessed potion of healing
  A - 2 cursed potions of healing
 Tools    ('(')
  s - an uncursed credit card
  q - an uncursed leash

7spoons the Valkyrie's attributes:

Background:
 You were a Skirmisher, a level 3 human Valkyrie.
 You were lawful, on a mission for Tyr
 who was opposed by Odin (neutral) and Loki (chaotic).
 You were right-handed.
 You were in the Dungeons of Doom, on level 8.
 You entered the dungeon 3501 turns ago.
 It was nighttime.
 You had 77 experience points, 3 more were needed to attain level 4.

Basics:
 You had 0 out of 35 hit points.
 You had all 8 energy points (spell power).
 Your armor class was 2.
 Your wallet contained 129 zorkmids.
 Autopickup was off.

Final Characteristics:
 Your strength was 15 (peak:18/05, limit:18/100).
 Your dexterity was 10 (limit:18).
 Your constitution was 18 (limit:18).
 Your intelligence was 8 (limit:18).
 Your wisdom was 9 (limit:18).
 Your charisma was 8 (limit:18).

Final Status:
 You weren't hungry.
 You were unencumbered.
 You were wielding a spear.
 You had basic skill with spear.

Final Attributes:
 You were piously aligned.
 Your items were somewhat protected from fire.
 You were cold resistant.
 Your items were somewhat protected from cold.
 You were poison resistant.
 You were stealthy.
 You were warded.
 You are dead.

Miscellaneous:
 You didn't encounter any bones levels.
 Total elapsed playing time was 42 minutes and 46 seconds.

Major events:
 Turn
    1: 7spoons the lawful human Valkyrie entered the dungeon
 1080: entered the Gnomish Mines
 3175: attained the rank of Skirmisher (level 3)
 3501: killed by a bugbear

You didn't know any spells.

Skills:
 Fighting Skills
   bare handed combat [Unskilled]
   two weapon combat  [Unskilled]
   riding             [Unskilled]
 Weapon Skills
   dagger             [Basic]
   axe                [Unskilled]
   pick-axe           [Unskilled]
   short sword        [Unskilled]
   broadsword         [Unskilled]
   long sword         [Unskilled]
   two-handed sword   [Unskilled]
   saber              [Unskilled]
   hammer             [Unskilled]
   quarterstaff       [Unskilled]
   polearms           [Unskilled]
   spear              [Basic]
   trident            [Unskilled]
   lance              [Unskilled]
   sling              [Unskilled]
 Spellcasting Skills
   attack spells      [Unskilled]
   escape spells      [Unskilled]

Voluntary challenges:
 Character rerolling was not enabled.
 You were illiterate.
 You never genocided any monsters.
 You never polymorphed an object.
 You never changed form.
 You used no wishes.
Achievements:
 You entered a shop.
 You entered the Gnomish Mines.
 You attained the rank of Skirmisher.

 The Dungeons of Doom: levels 1 to 8
    Level 1:
       Many fountains.
    Level 2:
       A tool shop.
       Stairs down to The Gnomish Mines.
    Level 3:
       Some fountains, many trees.
    Level 4:
       An armor shop, a grave.
    Level 5:
    Level 6:
       A fountain.
    Level 7:
       Some fountains.
    Level 8: <- You were here.
       Final resting place for
          you, killed by a bugbear.
 The Gnomish Mines:
    Level 3:


Vanquished creatures:
  a giant spider
  a gnome mummy
  a rock piercer
  a shrieker
  a dwarf
  a homunculus
  a giant bat
  2 coyotes
  a gas spore
  a hobbit
  a large kobold
  2 giant rats
  a cave spider
  2 gnomes
  a gecko
  7 jackals
  3 goblins
  8 sewer rats
  7 grid bugs
  a bat
  7 lichens
  6 newts
57 creatures vanquished.

No species were genocided or became extinct.

Game over:
                       ----------
                      /          \
                     /    REST    \
                    /      IN      \
                   /     PEACE      \
                  /                  \
                  |     7spoons      |
                  |      129 Au      |
                  |   killed by a    |
                  |     bugbear      |
                  |                  |
                  |                  |
                  |       2026       |
                 *|     *  *  *      | *
        _________)/\\_//(\/(/\)/\//\/|_)_______

Farvel 7spoons the Valkyrie...

You died in The Dungeons of Doom on dungeon level 8 with 775 points,
and 129 pieces of gold, after 3501 moves.
You were level 3 with a maximum of 35 hit points when you died.

